 Dungeon Crawl Stone Soup version 0.29-a0-919-gd064cfad1c (webtiles) character file.

Game seed: 9586451586531693576

292 IdlyInterested the Grave Robber (level 6, 0/46 HPs)
             Began as a Demonspawn Wanderer on July 26, 2022.
             Slain by a gnoll
             ... wielding a +0 halberd
              (1 damage)
             ... on level 4 of the Dungeon.
             The game lasted 00:16:17 (4322 turns).

IdlyInterested the Grave Robber (DsWn)              Turns: 4322, Time: 00:16:18

Health: 0/46       AC: 10    Str: 13    XL:     6   Next: 10%
Magic:  9/9        EV:  8    Int: 17    God:
Gold:   23         SH:  3    Dex: 10    Spells: 8/9 levels left

rFire   + . .      SeeInvis .   a - +0 dagger
rCold   . . .      Faith    .   F - +0 buckler
rNeg    . . .      Spirit   .   w - +0 scale mail
rPois   .          Reflect  .   (no helmet)
rElec   .          Harm     .   y - +1 cloak
rCorr   .          Rampage  .   i - +0 pair of gloves
Will    +....                   v - +0 pair of boots
Stlth   ..........              g - amulet of magic regeneration
HPRegen 0.15/turn               m - ring of willpower
MPRegen 0.51/turn               G - ring of protection from fire

@: lethally poisoned (0 -> -1), very slightly contaminated
A: demonic guardian 2, demonic magic 2
a: no special abilities


You were on level 4 of the Dungeon.
You visited 1 branch of the dungeon, and saw 4 of its levels.

You collected 167 gold pieces.
You spent 144 gold pieces at shops.

Inventory:

Hand Weapons
 a - a +0 dagger (weapon)
 r - a +0 mace
 z - a +0 spear
 M - a +0 short sword
Missiles
 b - 34 poisoned darts
 k - 3 boomerangs
Armour
 d - a +0 robe
 i - a +0 pair of gloves (worn)
 j - a +0 ring mail
 v - a +0 pair of boots (worn)
 w - a +0 scale mail (worn)
 y - a +1 cloak (worn)
 F - a +0 buckler (worn)
 H - a +0 chain mail
Jewellery
 g - an amulet of magic regeneration (around neck)
 l - a ring of ice
 m - a ring of willpower (left hand)
 s - an amulet of the acrobat
 G - a ring of protection from fire (right hand)
 L - a ring of protection from cold
 N - an amulet of guardian spirit
Wands
 D - a wand of flame (18)
Scrolls
 c - a scroll of vulnerability
 o - 5 scrolls of identify {unknown}
 p - 4 scrolls of noise {unknown}
 q - 2 scrolls of teleportation {unknown}
 u - a scroll of amnesia {unknown}
 A - a scroll of poison {unknown}
 B - a scroll of magic mapping {unknown}
 I - a scroll of blinking {unknown}
Potions
 e - a potion of resistance {unknown}
 f - 2 potions of attraction {unknown}
 h - a potion of haste {unknown}
 n - 2 potions of lignification {unknown}
 t - a potion of mutation {unknown}
 x - 2 potions of degeneration {unknown}
 C - a potion of might {unknown}
 E - a potion of cancellation {unknown}
 J - 2 potions of flight {unknown}
 K - a potion of ambrosia {unknown}


   Skills:
 * Level 2.5 Fighting
 + Level 2.8 Short Blades
 - Level 0.4 Maces & Flails
 - Level 1.7 Throwing
 + Level 0.7 Armour
 - Level 2.0 Dodging
 - Level 2.0 Stealth
 - Level 2.0 Spellcasting
 - Level 2.0 Summonings
 - Level 3.2 Necromancy
 - Level 1.2 Invocations
 - Level 1.0 Evocations


You had 8 spell levels left.
You knew the following spells:

 Your Spells              Type           Power      Damage    Failure   Level
a - Necrotise             Necr           48%        1d6       34%         1

Your spell library contained the following spells:

 Spells                   Type           Power      Damage    Failure   Level
 Summon Small Mammal      Summ           32%        N/A       50%         1
 Vampiric Draining        Necr           12%        2d6       71%         3
 Call Canine Familiar     Summ           8%         N/A       86%         3
 Summon Guardian Golem    Hex/Summ       5%         N/A       95%         3
 Portal Projectile        Hex/Tloc       2%         N/A       98%         3
 Tukima's Dance           Hex            1%         N/A       98%         3
 Summon Lightning Spire   Summ/Air       5%         N/A       100%        4
 Blade Hands              Tmut           0%         N/A       100%        5


Dungeon Overview and Level Annotations

Branches:
Dungeon (4/15)
 Temple: D:4-7

Altars:

Shops:
D:1 *!:([   D:2 =*


Innate Abilities, Weirdness & Mutations

A demonic guardian rushes to your aid.
Spells you cast may paralyse nearby enemies.


Message History

The necrophage is lightly damaged.
* * * LOW HITPOINT WARNING * * *
You feel very sick.
Your ice devil hits the necrophage!
Your ice devil freezes the necrophage!
The necrophage resists.
The necrophage closely misses you.
You hit the necrophage but do no damage.
The necrophage is almost destroyed.
* * * LOW HITPOINT WARNING * * *
You feel sick.
The kobold is no longer paralysed.
Your ice devil hits the necrophage!
The necrophage is destroyed!
You have reached level 6!
You feel sick.
Your ice devil barely misses the quokka.
The quokka bites your ice devil but does no damage.
You feel sick.
Your ice devil disappears in a puff of smoke!
Aiming: Necrotise (safe; 34% risk of failure)
Press: ? - help, Q - select action, (/) - cycle Shift-Dir - straight line, f - quokka
Aim: a quokka (grey smoke, chance to affect: 81%)
You miscast Necrotise.
Nothing appears to happen.
You feel sick.
The quokka bites you but does no damage.
You feel sick. The gnoll hits you with a +0 halberd.
* * * LOW HITPOINT WARNING * * *
A demonic guardian appears!
The quokka bites you but does no damage.
You feel sick.
The gnoll hits you from afar with a +0 halberd.
* * * LOW HITPOINT WARNING * * *
The quokka bites you but does no damage.
* * * LOW HITPOINT WARNING * * *
You feel sick.
The quokka bites you but does no damage.
You hit the quokka.
The quokka is moderately wounded.
* * * LOW HITPOINT WARNING * * *
You feel sick.
The gnoll hits you from afar with a +0 halberd.
You die...

..######..## ..##.###..#
....Z.....# ## ...####...# ...
...# #....##... . ...###.........
... ...#.......###### ###....
...........###..#####.....#
................@rggK.....#
......#........###4#........
........)......##..##.......
.....)........###..##.....##
...........<........#.....#.
.....##......##.##.##.....#...###
.....#.....#..###........gK.#.SK<
..........###..#....#....g..#....
..........# #......# . #....


You could see 2 gnolls, a quokka (ally target), a kobold and a friendly rust
devil (summoned).

Vanquished Creatures
  An ogre (D:4)
  A hound (D:3)
  4 adders (D:2)
  An ufetubus (D:4)
  3 worms
  2 dart slugs (D:1)
  4 bats
  8 endoplasms
  2 giant cockroaches
  4 goblins
  5 hobgoblins
  3 quokkas
  2 ball pythons
  4 frilled lizards
  7 kobolds
  2 rats (D:1)
53 creatures vanquished.

Vanquished Creatures (collateral kills)
  A necrophage (D:4)
  A gnoll (D:4)
  A worm (D:2)
  2 endoplasms (D:2)
  2 kobolds
7 creatures vanquished.

Vanquished Creatures (others)
  A plant (D:4)
1 creature vanquished.

Grand Total: 61 creatures vanquished

Notes
Turn   | Place    | Note
-------+----------+-------------------------------------------
     0 | D:1      | IdlyInterested the Demonspawn Wanderer began the quest for
                  | the Orb.
     0 | D:1      | IdlyInterested set off with the following items: a +0
                  | dagger, 13 poisoned darts, a scroll of vulnerability, a +0
                  | robe; and the following spells available to memorise:
                  | Necrotise, Summon Small Mammal, Vampiric Draining, Summon
                  | Guardian Golem, Summon Lightning Spire.
     0 | D:1      | Reached XP level 1. HP: 13/13 MP: 2/2
    76 | D:1      | Learned a level 1 spell: Necrotise
   441 | D:1      | Found Ducessay's Distillery.
   476 | D:1      | Found Refeur's Assorted Antiques.
   484 | D:1      | Reached skill level 1 in Fighting
   488 | D:1      | Gained mutation: Spells you cast may paralyse adjacent
                  | enemies. [demonic ancestry]
   488 | D:1      | Reached XP level 2. HP: 4/21 MP: 1/3
   499 | D:1      | Reached skill level 1 in Dodging
   915 | D:1      | Found Ydeck's Book Emporium.
   978 | D:1      | Found Onirumiatah's Weapon Shoppe.
  1227 | D:1      | Found a faded altar of an unknown god.
  1367 | D:1      | Found Wusoteh's Antique Armour Emporium.
  1457 | D:2      | Found Qofrioh's Assorted Antiques.
  1518 | D:2      | Gained mutation: A weak demonic guardian rushes to your
                  | aid. [demonic ancestry]
  1518 | D:2      | Reached XP level 3. HP: 24/27 MP: 2/4
  1713 | D:2      | Found Wuthrena's One-of-a-Kind Rings.
  2080 | D:2      | Reached skill level 1 in Stealth
  2080 | D:2      | Gained mutation: Spells you cast may paralyse nearby
                  | enemies. [demonic ancestry]
  2080 | D:2      | Reached XP level 4. HP: 17/33 MP: 3/5
  2481 | D:2      | Reached skill level 1 in Short Blades
  2605 | D:2      | Bought a scroll labelled PEORED MUUCS for 23 gold pieces
  2605 | D:2      | Bought a scroll labelled XAYTIA OTOLL for 23 gold pieces
  2605 | D:2      | Bought a cyan potion for 20 gold pieces
  3782 | D:1      | Bought 2 emerald potions for 52 gold pieces
  3782 | D:1      | Bought a white potion for 26 gold pieces
  4038 | D:4      | Gained mutation: A demonic guardian rushes to your aid.
                  | [demonic ancestry]
  4038 | D:4      | Reached XP level 5. HP: 30/38 MP: 5/7
  4107 | D:4      | Noticed an ogre
  4117 | D:4      | Killed an ogre
  4316 | D:4      | Reached XP level 6. HP: 11/46 MP: 9/9
  4320 | D:4      | HP: 2/46 [gnoll/+0 halberd (2)]
  4322 | D:4      | Slain by a gnoll

Illustrated notes

Levels and vault maps discovered:
D:1:      minmay_arrival_wavy_path, layout_rooms,
          shapermc_ecumenical_altar_mp_highgroup, serial_shops,
          nicolae_lakefront_shop, nicolae_shop_hallway_plus,
          nicolae_shop_waterfront, nicolae_shop_hallway_stairs,
          nicolae_shop_advertising_works [nicolae_subvault_shop_adworks],
          minivault_24
D:2:      layout_loops_ring, serial_shops, shop, nicolae_shop_unique_rings,
          chequers_serial_rivers_micro_b
D:3:      layout_basic
D:4:      kennysheep_kobold_camp, layout_cave_pools, good_gods_mini_temple,
          marbit_many_paths

Skill      XL: |  1  2  3  4  5 |
---------------+----------------+-----
Fighting       | 1 2 |  2.5
Dodging        | 1 2 |  2.0
Stealth        | 1 2 |  2.0
Short Blades   | 1 2 |  2.8
Spellcasting   | 2 |  2.0
Maces & Flails | |  0.4
Throwing       | |  1.7
Armour         | |  0.7
Summonings     | |  2.0
Necromancy     | |  3.2
Invocations    | |  1.2
Evocations     | |  1.0

Action                   |  1- 3 |  4- 6 || total
-------------------------+-------+-------++-------
Melee: Dagger            |    49 |    56 ||   105
       Whip              |    15 |       ||    15
       Punch             |     3 |       ||     3
Throw: Dart              |     1 |       ||     1
 Cast: Necrotise         |    42 |    22 ||    64
 Stab: Paralysed         |     6 |    16 ||    22
       Distracted        |     2 |       ||     2
       Sleeping          |     1 |       ||     1
Armor: Robe              |    18 |       ||    18
       Scale mail        |       |    44 ||    44
Dodge: Dodged            |    41 |    14 ||    55
Block: Buckler           |       |     5 ||     5

Table legend: (Time is in decaauts)
 A = Elapsed time spent in this place.
 B = Non-inter-level travel time spent in this place.
 C = Inter-level travel time spent in this place.
 D = Time resting spent in this place.
 E = Time spent auto-exploring this place.
 F = Levels seen in this place.
 G = Mean time per level.
                   A        B        C        D        E       F      G
               +--------+--------+--------+--------+--------+-----+--------+
         Total |   4321 |   3600 |    721 |   1121 |   1668 |   4 | 1080.2 |
       Dungeon |   4321 |   3600 |    721 |   1121 |   1668 |   4 | 1080.2 |
               +--------+--------+--------+--------+--------+-----+--------+

Top non-repeatable levels by time:
     D:1: 1549 daAuts
     D:3: 1326 daAuts
     D:2: 1274 daAuts
     D:4: 171 daAuts
